 Dungeon Crawl Stone Soup version 0.26.0-10-g1f06aea511 (webtiles) character file.

Game seed: 15518005034500819467

743 trm the Conjurer (level 7, -6/55 HPs)
             Began as a Demonspawn Conjurer on Jan 21, 2021.
             Was an Initiate of Gozag.
             Mangled by a boulder beetle (21 damage)
             ... on level 6 of the Dungeon.
             The game lasted 00:12:45 (6808 turns).

trm the Conjurer (Demonspawn Conjurer)              Turns: 6808, Time: 00:12:46

Health: -6/55      AC:  4    Str:  7    XL:     7   Next: 47%
Magic:  12/14      EV: 12    Int: 21    God:    Gozag
Gold:   304        SH:  0    Dex: 18    Spells: 12/15 levels left

rFire    . . .     SeeInvis .   t - +2 war axe (elec)
rCold    + . .     Faith    .   (no shield)
rNeg     . . .     Spirit   .   a - +0 robe
rPois    .         Reflect  .   (no helmet)
rElec    .         Harm     .   (no cloak)
rCorr    .         Rampage  .   (no gloves)
Will     .....                  (no boots)
Stlth    ++........             (no amulet)
HPRegen  0.18/turn              l - +6 ring of dexterity
MPRegen  0.14/turn              A - ring of protection from cold

@: no status effects
A: molten scales 1, powered by death 1, powered by pain 1
a: Renounce Religion, Potion Petition, Call Merchant, Bribe Branch


You were on level 6 of the Dungeon.
You worshipped Gozag.
Gozag was aware of your devotion.
You visited 2 branches of the dungeon, and saw 7 of its levels.

You collected 365 gold pieces.
You paid 61 gold pieces to Gozag.

Inventory:

Hand Weapons
 b - a +0 club
 o - a +1 dagger of flaming
 t - a +2 war axe of electrocution (weapon)
Missiles
 c - 6 poisoned darts
 B - 4 silver javelins
Armour
 a - a +0 robe (worn)
Jewellery
 l - a +6 ring of dexterity (left hand)
 s - an uncursed ring of fire
 A - a ring of protection from cold (right hand)
Wands
 n - a wand of random effects (34)
 r - a wand of acid (6)
 v - a wand of iceblast (21)
 w - a wand of disintegration (3)
Scrolls
 d - 6 scrolls of remove curse {unknown}
 e - a scroll of enchant weapon {unknown}
 f - 3 scrolls of blinking {unknown}
 g - 8 scrolls of identify {unknown}
 j - 2 scrolls of magic mapping {unknown}
 m - 6 scrolls of teleportation {unknown}
 p - a scroll of enchant armour {unknown}
 u - a scroll of fear {unknown}
 x - a scroll of random uselessness {unknown}
 y - a scroll of amnesia {unknown}
 z - a scroll of noise {unknown}
Potions
 h - 3 potions of flight {unknown}
 i - a potion of cancellation {unknown}
 k - 2 potions of curing {unknown}
 q - 4 potions of degeneration {unknown}
 C - a potion of might {unknown}


   Skills:
 + Level 4.5 Fighting
 - Level 1.7 Dodging
 - Level 1.7 Stealth
 + Level 4.7 Spellcasting
 + Level 6.2 Conjurations


You had 12 spell levels left.
You knew the following spells:

 Your Spells              Type           Power        Failure   Level
a - Magic Dart            Conj           100%         1%          1
b - Searing Ray           Conj           62%          1%          2

Your spell library contained the following spells:

 Spells                   Type           Power        Failure   Level
 Dazzling Flash           Conj/Hex       36%          10%         3
 Fulminant Prism          Conj/Hex       9%           30%         4
 Iskenderun's Mystic Bla  Conj/Tloc      18%          30%         4


Dungeon Overview and Level Annotations

Branches:
Dungeon (6/15)             Temple (1/1) D:4

Altars:
Ashenzari
Cheibriados
Dithmenos
Elyvilon
Fedhas
Gozag
Hepliaklqana
Kikubaaqudgha
Nemelex Xobeh
Okawaru
Qazlal
Ru
Sif Muna
Trog
Uskayaw
Vehumet
Wu Jian
Xom
Yredelemnul
Zin
The Shining One

Shops:
D:5 :


Innate Abilities, Weirdness & Mutations

You are partially covered in molten scales. (AC +2)
You regenerate a little health from kills.
You sometimes gain a little power by taking damage.


Message History

The boulder beetle is lightly wounded.
The boulder beetle closely misses you.
The searing ray hits the boulder beetle.
The boulder beetle is lightly wounded.
The boulder beetle bites you!
* * * LOW HITPOINT WARNING * * *
The searing ray hits the boulder beetle but does no damage.
The boulder beetle is lightly wounded.
You finish channeling your searing ray.
The boulder beetle closely misses you.
The boulder beetle curls into a ball and begins rolling!
Evoke which item? (* to show all) (? for menu, Esc to quit)
Aiming: Corrosive Bolt
Press: ? - help, Shift-Dir - straight line, f/p - boulder beetle
Aim: a boulder beetle (lightly wounded, 0% to evade)
The bolt of acid hits the boulder beetle.
The boulder beetle is splashed with acid.
The boulder beetle is moderately wounded.
The boulder beetle hits you!!
You die...
Your body crumbles into a pile of gold.

#.#.# ....####
#########
#......###.......#
.#...#.##...####.#
#.##.#.#.###.###.# #
#>#...# #..##.#
#.###.###..##.#
#.####...#.##.# ##
#......#...##@#
...#..###..^#.##B#
#.#..####.##....○......
#...............#......
###..#####....###.#####
####..# #..... #
......# #...(## #####.#
#.## #.# #.


You could see a boulder beetle.

Vanquished Creatures
  The ghost of p0werm0de the Skirmisher, an amateur DsFi (D:4)
  An ogre (D:3)
  A scorpion (D:4)
  2 jellies (D:5)
  An orc priest (D:3)
  3 hounds (D:4)
  Terence (D:2)
  A worker ant (D:5)
  A howler monkey zombie (D:5)
  5 adders
  8 gnolls
  2 white imps
  5 worms
  5 dart slugs
  A leopard gecko (D:3)
  10 orcs
  10 bats
  3 giant cockroaches
  6 goblins
  8 hobgoblins
  3 jackals
  4 kobolds
  2 ball pythons
  3 frilled lizards
  A leopard gecko skeleton (D:4)
  8 rats
96 creatures vanquished.

Notes
Turn   | Place    | Note
-------+----------+-------------------------------------------
     0 | D:1      | trm the Demonspawn Conjurer began the quest for the Orb.
     0 | D:1      | Reached XP level 1. HP: 13/13 MP: 3/3
   231 | D:1      | Gained mutation: You are partially covered in molten
                  | scales. (AC +2) [demonic ancestry]
   231 | D:1      | Reached XP level 2. HP: 9/20 MP: 0/5
   521 | D:1      | Reached skill level 1 in Fighting
   736 | D:1      | Learned a level 2 spell: Searing Ray
   858 | D:1      | Gained mutation: You sometimes gain a little power by
                  | taking damage. [demonic ancestry]
   858 | D:1      | Reached XP level 3. HP: 26/26 MP: 3/6
  1758 | D:2      | Found a sparkling altar of Nemelex Xobeh.
  1758 | D:2      | Found a bloodstained altar of Trog.
  2038 | D:2      | Noticed Terence
  2112 | D:2      | Killed Terence
  2113 | D:2      | Reached XP level 4. HP: 25/33 MP: 2/8
  2507 | D:2      | Found a snail-covered altar of Cheibriados.
  2509 | D:2      | Found a white marble altar of Elyvilon.
  2725 | D:2      | Reached XP level 5. HP: 39/39 MP: 4/9
  2930 | D:2      | Found a stormy altar of Qazlal.
  2931 | D:2      | Found a glowing golden altar of the Shining One.
  3247 | D:3      | Reached skill level 5 in Conjurations
  3357 | D:3      | Noticed an ogre
  3361 | D:3      | Killed an ogre
  3362 | D:3      | Gained mutation: You regenerate a little health from kills.
                  | [demonic ancestry]
  3362 | D:3      | Reached XP level 6. HP: 28/47 MP: 5/11
  4213 | D:4      | Noticed p0werm0de's ghost (amateur DsFi)
  4236 | D:4      | Found a runed translucent gate.
  4236 | D:4      | Found a runed translucent gate.
  4390 | D:4      | Found a shimmering blue altar of Sif Muna.
  4454 | D:4      | Found a runed translucent gate.
  4899 | D:4      | Found a staircase to the Ecumenical Temple.
  4922 | Temple   | Entered the Ecumenical Temple
  4986 | Temple   | Became a worshipper of Gozag Ym Sagoz the Greedy
  5192 | D:4      | Killed p0werm0de's ghost
  5193 | D:4      | Reached skill level 6 in Conjurations
  5193 | D:4      | Reached XP level 7. HP: 13/54 MP: 8/13
  5487 | D:5      | Entered Level 5 of the Dungeon
  5881 | D:5      | Found an ancient bone altar of Kikubaaqudgha.
  5887 | D:5      | Found Fisuzao's Book Emporium.
  6709 | D:6      | Found a shadowy altar of Dithmenos.
  6798 | D:6      | Noticed a boulder beetle
  6808 | D:6      | Mangled by a boulder beetle

Illustrated notes

Levels and vault maps discovered:
D:1:      heliophobic_arrival_enchanted_forest, layout_loops_ring,
          minmay_splitting_lines, minmay_hexomino_c4
D:2:      layout_loops_ring, nicolae_overflow_hidden_temple, minitemple,
          grunt_decor_arrowhead, hangedman_decor_points, uniq_terence
D:3:      layout_basic
D:4:      layout_loops_ring, led_sif_pool, temple_pool_b, gammafunk_ghost_split
D:5:      layout_cave_pods, kennysheep_mini, serial_shops,
          nicolae_shop_statue_plus
D:6:      layout_loops_ring, nicolae_dithmenos_shadow_blocks, uniq_edmund,
          uniq_blork_the_orc
Temple:   nicolae_temple_god_jail

Skill      XL: |  1  2  3  4  5  6 |
---------------+-------------------+-----
Fighting       | 1 2 3 4 |  4.5
Spellcasting   | 3 4 |  4.7
Conjurations   | 5 6 |  6.2
Dodging        | |  1.7
Stealth        | |  1.7

Action                   |  1- 3 |  4- 6 |  7- 9 || total
-------------------------+-------+-------+-------++-------
Melee: Club              |    15 |     2 |       ||    17
       Dagger            |       |    16 |       ||    16
       War axe           |       |    13 |     6 ||    19
 Cast: Magic Dart        |    25 |     2 |       ||    27
       Searing Ray       |    16 |    43 |     8 ||    67
Evoke: Wand              |       |       |     1 ||     1
 Stab: Sleeping          |       |     1 |       ||     1
Armor: Robe              |     7 |    12 |     2 ||    21
Dodge: Dodged            |    10 |    47 |     8 ||    65
